 Dungeon Crawl Stone Soup version 0.29-a0-334-gb41bcbb86e (webtiles) character file.

Game seed: 3912953519810604462

99 dolemite99 the Digger (level 4, 0/32 HPs)
             Began as a Gnoll Earth Elementalist on Apr 16, 2022.
             Was a Follower of Elyvilon.
             Killed from afar by Ijyb (8 damage)
             ... with an iceblast
             ... on level 2 of the Dungeon.
             The game lasted 00:01:59 (2579 turns).

dolemite99 the Digger (Gnoll Earth Elementalist)    Turns: 2579, Time: 00:02:00

Health: 0/32       AC:  2    Str:  8    XL:     4   Next: 72%
Magic:  11/11      EV: 13    Int: 16    God:    Elyvilon [*.....]
Gold:   123        SH:  0    Dex: 12    Spells: 9/13 levels left

rFire   . . .      SeeInvis .   a - +0 hunting sling
rCold   . . .      Faith    .   (no shield)
rNeg    . . .      Spirit   .   b - +0 robe
rPois   .          Reflect  .   (no helmet)
rElec   .          Harm     .   (no cloak)
rCorr   .          Rampage  .   (no gloves)
Will    .....                   (no boots)
Stlth   ++........              (no amulet)
HPRegen 0.10/turn               (no ring)
MPRegen 0.12/turn               (no ring)

@: no status effects
A: fangs 1, strong nose, distributed training
a: Renounce Religion, Purification


You were on level 2 of the Dungeon.
You worshipped Elyvilon.
Elyvilon was aware of your devotion.
You visited 1 branch of the dungeon, and saw 2 of its levels.

You collected 123 gold pieces.

Inventory:

Hand Weapons
 a - a +0 hunting sling (weapon)
 d - a +0 dagger
Missiles
 n - 37 stones
Armour
 b - a +0 robe (worn)
 e - a +0 leather armour
 f - a +0 pair of boots
Wands
 q - a wand of acid (7)
Scrolls
 h - 2 scrolls of identify {unknown}
 m - a scroll of blinking {unknown}
Potions
 c - a potion of magic
 g - 2 potions of cancellation {unknown}
 i - 2 potions of flight {unknown}
 j - a potion of mutation {unknown}
 k - a potion of brilliance {unknown}
 l - a potion of curing {unknown}
 o - a potion of berserk rage {unknown}
 p - 2 potions of heal wounds {unknown}


   Skills:
 + Level 1.2 Fighting
 + Level 1.2 Short Blades
 + Level 1.2 Long Blades
 + Level 1.2 Axes
 + Level 1.2 Maces & Flails
 + Level 1.2 Polearms
 + Level 1.2 Staves
 + Level 1.2 Slings
 + Level 1.2 Bows
 + Level 1.2 Crossbows
 + Level 1.2 Throwing
 + Level 1.2 Armour
 + Level 4.7 Dodging
 + Level 4.3 Stealth
 + Level 1.2 Shields
 + Level 1.2 Unarmed Combat
 + Level 5.1 Spellcasting
 + Level 1.0 Conjurations
 + Level 1.0 Hexes
 + Level 1.0 Summonings
 + Level 1.0 Necromancy
 + Level 1.0 Translocations
 + Level 2.3 Transmutations
 + Level 1.0 Fire Magic
 + Level 1.0 Ice Magic
 + Level 1.0 Air Magic
 + Level 5.5 Earth Magic
 + Level 1.0 Poison Magic
 + Level 1.3 Invocations
 + Level 1.2 Evocations


You had 9 spell levels left.
You knew the following spells:

 Your Spells              Type           Power      Damage    Failure   Level
a - Sandblast             Erth           42%        2d11      1%          1
b - Stone Arrow           Conj/Erth      28%        3d8       12%         3

Your spell library contained the following spells:

 Spells                   Type           Power      Damage    Failure   Level
 Passwall                 Tmut/Erth      13%        N/A       4%          2
 Corpse Rot               Necr/Air       14%        N/A       16%         2
 Poisonous Vapours        Pois/Air       14%        N/A       16%         2
 Petrify                  Tmut/Erth      16%        N/A       30%         4


Dungeon Overview and Level Annotations

Branches:
Dungeon (2/15)

Altars:
Elyvilon

Annotations:
D:2 Ijyb


Innate Abilities, Weirdness & Mutations

You have very sharp teeth.
Your uncanny sense of smell can sniff out nearby items.
Your experience applies equally to all skills.


Message History

You kill the goblin!
You shoot a sling bullet.
The sling bullet hits the goblin but does no damage.
The goblin misses you. The goblin hits you with a +0 club.
You shoot a sling bullet.
The sling bullet closely misses the goblin.
The sling bullet hits the goblin.
You kill the goblin!
The goblin barely misses you.
Casting: Sandblast (safe; 1% risk of failure)
Confirm with . or Enter, or press ? or * to list all spells.
Aiming: Sandblast (safe; 1% risk of failure)
Press: ? - help, Shift-Dir - straight line, f/p - goblin
Aim: a goblin, wielding a +0 club (76% to hit)
The blast of sand hits the goblin!
You kill the goblin!
n - 37 stones
Casting: Sandblast (safe; 1% risk of failure)
Confirm with . or Enter, or press ? or * to list all spells.
You can't see any susceptible monsters within range! (Use Z to cast anyway.)
Casting: Sandblast (safe; 1% risk of failure)
Confirm with . or Enter, or press ? or * to list all spells.
You can't see any susceptible monsters within range! (Use Z to cast anyway.)
Items here: )))) †.
You see here a +0 club.
Ijyb is nearby!
Ijyb is nearby!
You shoot a sling bullet. The sling bullet barely misses Ijyb.
Ijyb shouts!
Ijyb zaps a wand.
The mass of ice explodes!
The iceblast engulfs you!
You shoot a sling bullet.
The sling bullet hits Ijyb but does no damage.
Ijyb zaps a wand.
The mass of ice explodes!
The iceblast engulfs you!
Ouch! That really hurt!
* * * LOW HITPOINT WARNING * * *
You close the door.
Your magic is already full.
You open the door.
Ijyb zaps a wand.
The mass of ice explodes!
The iceblast engulfs you!
You die...

#.#.......... ..! ..
#.#.........###.##.#####
#.#.........##.....8.8.8
#.#.........##.........)
#.#.........##..........
#.#.........##?.........
#.#.........##.g........
#.######'##.##...?(..).g
#.# #.##.###@#..8.8.8
#.# #.##.###.########
#.# #.##...#.# #.#
#.####.#.# #.#
#.#....#.# #.####
#.#.####.# #....# #.#.#
#)# ####.# #.#.# #)# #.#
#.#.####.#


You could see Ijyb.

Vanquished Creatures
  2 adders (D:2)
  3 gnolls (D:2)
  A worm (D:2)
  2 dart slugs (D:2)
  2 endoplasms (D:2)
  A giant cockroach (D:1)
  9 goblins (D:2)
  2 hobgoblins (D:1)
  3 jackals (D:1)
  3 kobolds
  3 quokkas (D:1)
  6 ball pythons
  2 bats (D:2)
  A frilled lizard (D:1)
  3 rats
43 creatures vanquished.

Vanquished Creatures (others)
  6 withered plants (D:2)
6 creatures vanquished.

Grand Total: 49 creatures vanquished

Notes
Turn   | Place    | Note
-------+----------+-------------------------------------------
     0 | D:1      | dolemite99 the Gnoll Earth Elementalist began the quest for
                  | the Orb.
     0 | D:1      | Reached XP level 1. HP: 13/13 MP: 6/6
   140 | D:1      | Reached XP level 2. HP: 16/19 MP: 2/7
  1142 | D:2      | Reached skill level 5 in Spellcasting
  1142 | D:2      | Reached XP level 3. HP: 25/25 MP: 5/9
  1224 | D:2      | Found a faded altar of an unknown god.
  1264 | D:2      | Prayed at the altar of an unknown god.
  1264 | D:2      | Became a worshipper of Elyvilon the Healer
  1264 | D:2      | Reached * piety under Elyvilon
  1319 | D:2      | Reached skill level 1 in Invocations
  1751 | D:2      | Reached skill level 1 in Fighting
  1751 | D:2      | Reached skill level 1 in Short Blades
  1751 | D:2      | Reached skill level 1 in Long Blades
  1751 | D:2      | Reached skill level 1 in Axes
  1751 | D:2      | Reached skill level 1 in Maces & Flails
  1751 | D:2      | Reached skill level 1 in Polearms
  1751 | D:2      | Reached skill level 1 in Staves
  1751 | D:2      | Reached skill level 1 in Slings
  1751 | D:2      | Reached skill level 1 in Bows
  1751 | D:2      | Reached skill level 1 in Crossbows
  1751 | D:2      | Reached skill level 1 in Throwing
  1751 | D:2      | Reached skill level 1 in Armour
  1751 | D:2      | Reached skill level 1 in Shields
  1751 | D:2      | Reached skill level 1 in Unarmed Combat
  1751 | D:2      | Reached skill level 1 in Evocations
  1751 | D:2      | Reached XP level 4. HP: 32/32 MP: 9/11
  2353 | D:2      | Learned a level 3 spell: Stone Arrow
  2468 | D:2      | Reached skill level 1 in Conjurations
  2468 | D:2      | Reached skill level 1 in Hexes
  2468 | D:2      | Reached skill level 1 in Summonings
  2468 | D:2      | Reached skill level 1 in Necromancy
  2468 | D:2      | Reached skill level 1 in Translocations
  2468 | D:2      | Reached skill level 1 in Fire Magic
  2468 | D:2      | Reached skill level 1 in Ice Magic
  2468 | D:2      | Reached skill level 1 in Air Magic
  2468 | D:2      | Reached skill level 1 in Poison Magic
  2521 | D:2      | Noticed Ijyb
  2579 | D:2      | Killed from afar by Ijyb

Illustrated notes

Levels and vault maps discovered:
D:1:      tarquinn_simple_flora_water_d, layout_basic, minmay_tromino_v7
D:2:      kennysheep_the_goblin_king, layout_basic,
          shapermc_ecumenical_altar_flowoftime

Skill      XL: |  1  2  3  4 |
---------------+-------------+-----
Transmutations | 2 |  2.3
Spellcasting   | 5 |  5.1
Invocations    | 1 |  1.3
Fighting       | 1 |  1.2
Short Blades   | 1 |  1.2
Long Blades    | 1 |  1.2
Axes           | 1 |  1.2
Maces & Flails | 1 |  1.2
Polearms       | 1 |  1.2
Staves         | 1 |  1.2
Slings         | 1 |  1.2
Bows           | 1 |  1.2
Crossbows      | 1 |  1.2
Throwing       | 1 |  1.2
Armour         | 1 |  1.2
Shields        | 1 |  1.2
Unarmed Combat | 1 |  1.2
Evocations     | 1 |  1.2
Conjurations   | 1 |  1.0
Hexes          | 1 |  1.0
Summonings     | 1 |  1.0
Necromancy     | 1 |  1.0
Translocations | 1 |  1.0
Fire Magic     | 1 |  1.0
Ice Magic      | 1 |  1.0
Air Magic      | 1 |  1.0
Poison Magic   | 1 |  1.0
Dodging        | |  4.7
Stealth        | |  4.3
Earth Magic    | |  5.5

Action                   |  1- 3 |  4- 6 || total
-------------------------+-------+-------++-------
Melee: Dagger            |    34 |       ||    34
       Punch             |     2 |       ||     2
       Bite              |     3 |       ||     3
 Fire: Hunting sling     |     2 |    43 ||    45
 Cast: Sandblast         |    34 |    14 ||    48
Armor: Robe              |     6 |     4 ||    10
Dodge: Dodged            |    19 |    24 ||    43

Table legend: (Time is in decaauts)
 A = Elapsed time spent in this place.
 B = Non-inter-level travel time spent in this place.
 C = Inter-level travel time spent in this place.
 D = Time resting spent in this place.
 E = Time spent auto-exploring this place.
 F = Levels seen in this place.
 G = Mean time per level.
                   A        B        C        D        E       F      G
               +--------+--------+--------+--------+--------+-----+--------+
         Total |   2596 |   2578 |     18 |    771 |   1363 |   2 | 1298.0 |
       Dungeon |   2596 |   2578 |     18 |    771 |   1363 |   2 | 1298.0 |
               +--------+--------+--------+--------+--------+-----+--------+

Top non-repeatable levels by time:
     D:2: 1459 daAuts
     D:1: 1137 daAuts
